 Dungeon Crawl Stone Soup version 0.31-a0-1005-gfbdfbac (webtiles) character file.

Game seed: 2340548589743596942

1026 Partyfoot the Conjurer (level 8, 0/148 HPs)
             Began as a Red Draconian Conjurer on Nov 11, 2023.
             Was an Initiate of Vehumet.
             Succumbed to an orc wizard's poison
             ... on level 6 of the Dungeon.
             The game lasted 00:15:43 (4723 turns).

Partyfoot the Conjurer (Red Draconian Conjurer)     Turns: 4723, Time: 00:15:43

Health: 0/148      AC: 24    Str:  9    XL:     8   Next: 2%
Magic:  15/15      EV:  2    Int: 25    God:    Vehumet [......]
Gold:   190        SH:  0    Dex: 11    Spells: 11/16 levels left

rFire   . . .        n - +7 hand axe of Death's Door {venom, Drain Fly rC+ Int+5}
rCold   + . .        (no shield)
rNeg    . . .        (body armour unavailable)
rPois   +            s - melded +1 hat
rElec   .            r - melded scarf {repulsion}
rCorr   .            (gloves currently unavailable)
SInv    .            j - melded +0 pair of boots
Will    .....        (no amulet) Stlth
                     (no ring)
HPRegen 0.44/turn    (no ring)
MPRegen 0.14/turn

%: no passive effects
@: brilliant, berserking, lethally poisoned (0 -> -3), tree-form, attractive,
hasted, very quick
A: stationary, stasis, torment immunity, boosted hp, (breathe fire), AC +6,
unfitting armour, (fire resistance 2), (cold-blooded)
a: Renounce Religion


You were on level 6 of the Dungeon.
You worshipped Vehumet.
Vehumet was noncommittal.
You were a tree.
You visited 2 branches of the dungeon, and saw 6 of its levels.

You collected 314 gold pieces.
You spent 124 gold pieces at shops.

Inventory:

Hand Weapons
 b - a +0 club
 n - the +7 hand axe of Death's Door (weapon) {venom, Drain Fly rC+ Int+5}
   (You took it off a kobold on level 2 of the Dungeon)

   Int+5:     It affects your intelligence (+5).
   rC+:       It protects you from cold.
   Fly:       It grants you flight.
   Drain:     It drains your maximum health when unequipped.
Missiles
 y - a throwing net
Armour
 j - a +0 pair of boots (melded)
 r - a scarf of repulsion (melded)
 s - a +1 hat (melded)
Magical Staves
 w - a staff of fire
Wands
 u - a wand of flame (19)
Scrolls
 c - a scroll of acquirement {unknown}
 d - 4 scrolls of teleportation {unknown}
 e - 2 scrolls of poison {unknown}
 f - 2 scrolls of butterflies {unknown}
 g - a scroll of fog {unknown}
 i - 2 scrolls of vulnerability {unknown}
 k - 4 scrolls of identify {unknown}
 m - 2 scrolls of immolation {unknown}
 o - a scroll of enchant armour {unknown}
 t - 2 scrolls of fear
Potions
 a - a potion of magic
 h - a potion of haste
 l - 3 potions of brilliance
 p - a potion of lignification
 q - a potion of ambrosia {unknown}
 x - a potion of degeneration {unknown}
 z - a potion of attraction
 A - a potion of mutation


   Skills:
 + Level 3.7 Fighting
 + Level 2.4 Dodging
 - Level 4.0 Stealth
 + Level 4.9 Spellcasting
 - Level 6.0 Conjurations
 * Level 2.6 Translocations


You had 11 spell levels left.
You knew the following spells:

 Your Spells              Type           Power      Damage    Failure   Level
a - Magic Dart            Conj           100%       1d8       1%          1
b - Iskenderun's Mystic   Conj/Tloc      41%        2d9       14%         4

Your spell library contained the following spells:

 Spells                   Type           Power      Damage    Failure   Level
 Searing Ray              Conj           100%       2d8       1%          2
 Dazzling Flash           Conj/Hex       64%        N/A       7%          3
 Fulminant Prism          Conj/Hex       16%        3d10      24%         4
 Frozen Ramparts          Ice            18%        1d3       26%         3
 Petrify                  Tmut/Erth      9%         N/A       63%         4
 Metabolic Englaciation   Hex/Ice        4%         N/A       93%         5


Dungeon Overview and Level Annotations

Branches:
Dungeon (6/15)             Temple (1/1) D:6

Altars:
Dithmenos
Elyvilon
Gozag
Hepliaklqana
Kikubaaqudgha
Okawaru
Ru
Uskayaw
Vehumet
Wu Jian
Xom
Yredelemnul
The Shining One

Shops:
D:3 *!??   D:4 :

Annotations:
Temple 2 transporters


Innate Abilities, Weirdness & Mutations

You are a tree.
Your roots penetrate the ground, keeping you stationary.
You cannot be teleported.
You are immune to unholy pain and torment.
Your maximum health is greatly increased.
Your equipment is partially melded.
((You can breathe blasts of fire.))
((Your fiery red scales are hard. (AC +6)))
You cannot fit into any form of body armour.
((Your flesh is very heat resistant. (rF++)))
((You are cold-blooded and may be slowed by cold attacks.))


Message History

You feel very sick. The orc closely misses you.
The orc wizard gestures at you while chanting.
You resist with some effort. The orc closely misses you.
You slash the orc wizard!
You kill the orc wizard!
Vehumet accepts your kill.
You hit the orc.
The orc looks as sick as possible!
* * * LOW HITPOINT WARNING * * *
You feel very sick.
You kill the orc!
Vehumet accepts your kill. The orc closely misses you.
The orc hits you from afar with a +0 trident.
* * * LOW HITPOINT WARNING * * *
It was a potion of attraction.
You feel attractive to monsters.
* * * LOW HITPOINT WARNING * * *
You feel very sick. The orc closely misses you.
The orc is attracted toward you.
It was a potion of haste.
You feel yourself speed up.
* * * LOW HITPOINT WARNING * * *
You feel sick. The orc hits you but does no damage.
It was a potion of lignification.
You turn into a tree.
Your scarf of repulsion melds into your body.
Your +1 hat melds into your body.
Your +0 pair of boots melds into your body.
The haze of the repulsion field disappears.
Your roots penetrate the ground.
* * * LOW HITPOINT WARNING * * *
You feel sick.
It was a potion of berserk rage.
A red film seems to cover your vision as you go berserk!
You feel yourself moving faster!
You feel mighty!
* * * LOW HITPOINT WARNING * * *
You feel sick. The orc hits you but does no damage.
You slash the orc!
You kill the orc!
Vehumet accepts your kill.
You die...

# ............#
####........#
#........#.#### .
#.............. ..
####'#####.###.
...########.#####.#
#........##.......##
#........##.....)..##
#..$.....##...)♣)...#
+........'..#..))......
#.......†####.#####...#
#.$......# #.# ..#
#........# #.# #
.......... #.#
.........## ..#
.........# ...
..........


There were no monsters in sight!

Vanquished Creatures
  Sigmund (D:2)
  Eustachio (D:4)
  2 water moccasins (D:6)
  A black bear (D:3)
  A centaur (D:6)
  A howler monkey (D:6)
  A hound (D:6)
  2 orc priests (D:6)
  An iguana (D:6)
  2 orc wizards
  6 adders
  2 worms (D:2)
  9 orcs
  6 endoplasms
  2 giant cockroaches
  9 goblins
  12 hobgoblins
  2 jackals (D:2)
  4 quokkas
  5 ball pythons
  6 bats
  6 frilled lizards
  9 kobolds
  5 rats (D:2)
96 creatures vanquished.

Notes
Turn   | Place    | Note
-------+----------+-------------------------------------------
     0 | D:1      | Partyfoot the Draconian Conjurer began the quest for the
                  | Orb.
     0 | D:1      | Reached XP level 1. HP: 14/14 MP: 3/3
   221 | D:1      | Reached XP level 2. HP: 20/20 MP: 3/5
  1580 | D:2      | Reached XP level 3. HP: 5/26 MP: 1/6
  1921 | D:2      | Identified the +7 hand axe of Death's Door {venom, Drain
                  | Fly rC+ Int+5}
  2296 | D:2      | Reached XP level 4. HP: 33/33 MP: 3/8
  2471 | D:2      | Noticed Sigmund
  2479 | D:2      | Killed Sigmund
  2480 | D:2      | Reached skill level 5 in Conjurations
  2480 | D:2      | Reached XP level 5. HP: 38/38 MP: 8/10
  2801 | D:3      | Found Tiffeupt's Distillery.
  2817 | D:3      | Bought a potion of mutation for 80 gold pieces
  2817 | D:3      | Gained mutation: Your spells are a little easier to cast,
                  | but a little less powerful. [potion of mutation]
  2817 | D:3      | Lost mutation: Your spells are a little easier to cast, but
                  | a little less powerful. [potion of mutation]
  2949 | D:3      | Found Bagra's Magic Scroll Shoppe.
  2953 | D:3      | Bought a scroll of fear for 44 gold pieces
  3036 | D:3      | Noticed a black bear
  3088 | D:3      | Found Qieloa Sasuph's Magic Scroll Emporium.
  3223 | D:3      | Found Relewy's Assorted Antiques.
  3270 | D:3      | Found a faded altar of an unknown god.
  3289 | D:3      | Killed a black bear
  3290 | D:3      | Reached skill level 1 in Fighting
  3290 | D:3      | Reached XP level 6. HP: 46/47 MP: 5/11
  3707 | D:4      | Found Faupt's Book Emporium.
  3960 | D:4      | Noticed Eustachio
  3973 | D:4      | Killed Eustachio
  3974 | D:4      | Your scales start taking on a fiery red colour.
  3974 | D:4      | Reached XP level 7. HP: 47/56 MP: 6/13
  3974 | D:4      | Gained mutation: Your flesh is heat resistant. (rF+) [Red
                  | Draconian growth]
  4035 | D:4      | You are sucked into a shaft and drop 2 floors!
  4089 | D:6      | Found a staircase to the Ecumenical Temple.
  4098 | Temple   | Found a transporter.
  4098 | Temple   | Found a transporter.
  4098 | Temple   | Found a transporter.
  4098 | Temple   | Found a transporter.
  4098 | Temple   | Entered the Ecumenical Temple
  4113 | Temple   | Became a worshipper of Vehumet
  4258 | D:6      | Reached skill level 6 in Conjurations
  4305 | D:6      | Learned a level 4 spell: Iskenderun's Mystic Blast
  4343 | D:6      | Reached skill level 1 in Translocations
  4577 | D:6      | Gained mutation: Your flesh is very heat resistant. (rF++)
                  | [potion of mutation]
  4592 | D:6      | Noticed a boulder beetle
  4716 | D:6      | Reached XP level 8. HP: 17/66 MP: 15/15
  4719 | D:6      | HP: 2/66 [poisoned by an orc wizard]
  4723 | D:6      | Succumbed to an orc wizard's poison

Illustrated notes

Levels and vault maps discovered:
D:1:      minmay_arrival_jagged, layout_loops_corners, minmay_lizard_pond
D:2:      layout_loops_ring, serial_glass, glass_columns_b, glass_columns_a,
          grunt_ministairs_6, minmay_randomly_rotated_circles, uniq_sigmund
D:3:      layout_basic, serial_shops, shop, nicolae_lakefront_shop, shop,
          nicolae_shop_competitors_out_of_business,
          chequers_ecumenical_altar_twisty, fountainhead,
          minmay_misc_feat_roman, grunt_decor_junction,
          kennysheep_pointless_box, minmay_ruptured
D:4:      layout_basic, serial_shops, shop, uniq_eustachio
D:6:      layout_basic, fedhas_altar_1, minmay_temple_entry_nine_rooms,
          minmay_diced_spiral
Temple:   hellmonk_temple_divided_pantheon

Skill      XL: |  1  2  3  4  5  6  7 |
---------------+----------------------+-----
Stealth        | 2 3 4 |  4.0
Spellcasting   | 3 4 |  4.9
Conjurations   | 5 6 |  6.0
Fighting       | 1 2 3 |  3.7
Dodging        | 2 |  2.4
Translocations | 2 |  2.6

Action                     |  1- 3 |  4- 6 |  7- 9 || total
---------------------------+-------+-------+-------++-------
  Melee: Unarmed           |     4 |       |       ||     4
         Club              |    24 |       |       ||    24
         Tailslap          |     2 |     5 |     3 ||    10
         Punch             |     1 |     1 |       ||     2
         Hand axe          |       |    61 |    40 ||   101
   Cast: Magic Dart        |    94 |    33 |    17 ||   144
    Use: Potion            |       |     1 |     6 ||     7
   Stab: Sleeping          |       |     7 |       ||     7
 Armour: Skin              |    29 |    34 |    42 ||   105
  Dodge: Dodged            |    15 |    46 |    56 ||   117
         Repelled          |       |       |     1 ||     1

Table legend: (Time is in decaauts)
 A = Elapsed time spent in this place.
 B = Non-inter-level travel time spent in this place.
 C = Inter-level travel time spent in this place.
 D = Time resting spent in this place.
 E = Time spent auto-exploring this place.
 F = Levels seen in this place.
 G = Mean time per level.
                   A        B        C        D        E       F      G
               +--------+--------+--------+--------+--------+-----+--------+
         Total |   4759 |   4571 |    188 |    609 |   3133 |   6 |  793.2 |
       Dungeon |   4726 |   4565 |    161 |    609 |   3133 |   5 |  945.2 |
        Temple |     32 |      5 |     27 |      0 |      0 |   1 |   32.0 |
               +--------+--------+--------+--------+--------+-----+--------+

Top non-repeatable levels by time:
     D:1: 1434 daAuts
     D:2: 1360 daAuts
     D:3: 771 daAuts
     D:6: 666 daAuts
     D:4: 493 daAuts
  Temple: 32 daAuts
